 Dungeon Crawl Stone Soup version 0.28-a0-881-gae16bb6 (webtiles) character file.

Game seed: 17780094457037809424

37 PublicAnimeNo1 the Stinger (level 3, 0/29 HPs)
             Began as a Draconian Venom Mage on Nov 20, 2021.
             Was a Believer of Zin.
             Slain by a gnoll (12 damage)
             ... on level 2 of the Dungeon.
             The game lasted 00:02:49 (1301 turns).

PublicAnimeNo1 the Stinger (Draconian Venom Mage)   Turns: 1301, Time: 00:02:49

Health: 0/29       AC:  5    Str: 11    XL:     3   Next: 23%
Magic:  1/6        EV: 12    Int: 17    God:    Zin [**....]
Gold:   76         SH:  0    Dex: 12    Spells: 3/6 levels left

rFire   . . .      SeeInvis .   c - +0 dagger
rCold   . . .      Faith    .   (no shield)
rNeg    . . .      Spirit   .   (armour unavailable)
rPois   ∞          Reflect  .   (helmet restricted)
rElec   .          Harm     .   (no cloak)
rCorr   .          Rampage  .   (no gloves)
Will    .....                   (no boots)
Stlth   ++........              (no amulet)
HPRegen 0.09/turn               (no ring)
MPRegen 0.10/turn               (no ring)

@: vitalised
A: AC +5, unfitting armour, cold-blooded
a: Renounce Religion, Recite, Vitalisation, Donate Gold


You were on level 2 of the Dungeon.
You worshipped Zin.
Zin was pleased with you.
You visited 1 branch of the dungeon, and saw 2 of its levels.

You collected 84 gold pieces.
You donated 8 gold pieces to Zin.

Inventory:

Hand Weapons
 c - a +0 dagger (weapon)
Scrolls
 b - 3 scrolls of teleportation {unknown}
 d - a scroll of enchant weapon {unknown}
 f - a scroll of identify {unknown}
Potions
 a - a potion of might {unknown}
 e - 2 potions of curing {unknown}


   Skills:
 + Level 2.1 Fighting
 - Level 1.7 Dodging
 - Level 1.7 Stealth
 - Level 2.0 Spellcasting
 - Level 1.0 Transmutations
 + Level 3.7 Poison Magic


You had 3 spell levels left.
You knew the following spells:

 Your Spells              Type           Power      Damage    Failure   Level
a - Sting                 Tmut/Pois      36%        1d4       8%          1
b - Poisonous Vapours     Pois/Air       16%        N/A       14%         2

Your spell library contained the following spells:

 Spells                   Type           Power      Damage    Failure   Level
 Blink                    Tloc           2%         N/A       28%         2
 Mephitic Cloud           Conj/Pois/Air  5%         N/A       34%         3
 Olgreb's Toxic Radiance  Pois           14%        N/A       38%         4
 Manifold Assault         Tloc           1%         N/A       99%         5
 Storm Form               Tmut/Air       1%         N/A       100%        7


Dungeon Overview and Level Annotations

Branches:
Dungeon (2/15)

Altars:
Zin


Innate Abilities, Weirdness & Mutations

Your plain brown scales are hard. (AC +5)
You cannot fit into any form of body armour.
You are cold-blooded and may be slowed by cold attacks.


Message History

You are no longer poisoned.
Aiming: Sting (safe; 9% risk of failure)
Press: ? - help, Q - select action, (/) - cycle Shift-Dir - straight line, f - gnoll
Aim: a gnoll, wielding a +0 flail (72% to hit)
You miscast Sting.
You are very lightly contaminated with residual magic.
Nothing appears to happen.
Aiming: Sting (safe; 9% risk of failure)
Press: ? - help, Q - select action, (/) - cycle Shift-Dir - straight line, f/p - gnoll
Aim: a gnoll, wielding a +0 flail (72% to hit)
The sting hits the gnoll.
The gnoll is poisoned.
The gnoll is moderately wounded.
The gnoll completely misses you.
Aiming: Sting (safe; 9% risk of failure)
Press: ? - help, Q - select action, (/) - cycle Shift-Dir - straight line, f/p - gnoll
Aim: a gnoll, wielding a +0 flail (moderately wounded, poisoned, 72% to hit)
The sting hits the gnoll.
The gnoll looks even sicker.
The gnoll is heavily wounded.
The gnoll closely misses you.
Your magical contamination has completely faded away.
You kill the gnoll!
You have reached level 3!
Your experience leads to an increase in your attributes!
Increase (S)trength, (I)ntelligence, or (D)exterity?
You feel clever.
Your scales feel tougher.
You fail to use your ability.
Zin grants you divine stamina.
Okay, then.
Aiming: Sting (safe; 8% risk of failure)
Press: ? - help, Q - select action, (/) - cycle Shift-Dir - straight line, f - gnoll
Aim: a gnoll, wielding a +0 flail (72% to hit)
The sting misses the gnoll.
The gnoll hits you with a +0 flail!
There is a stone staircase leading down here.
You hit the gnoll but do no damage.
You tail-slap the gnoll, but do no damage.
The gnoll closely misses you.
You barely miss the gnoll. The gnoll hits you with a +0 flail.
You hit the gnoll but do no damage. The gnoll hits you with a +0 flail!
You die...

#.## #)# #.#
####.####.########### #.#
#...................# #.#
#.#####...#########.# #.# #.#
#.### #.# #.# #.# #.# ##.## #.#
#.# #.##### ##...###.# ####
#.#####.#...#####.....##.###...
#.........#.>g@...........##.##
#......#....#####.....#.#(#.#.#
#..#.#.)....## #.....#....###.
#............# #.....###.#.#.#
##.#.#......## #.......#.##.##
#.....#...## ##..[##.#.##.#
###.####.## #.####.#.##.##
#.####.### #.# #..#<....
#........# #.# ###.##.##


You could see a gnoll.

Vanquished Creatures
  A gnoll (D:2)
  An adder (D:2)
  A worm (D:2)
  2 bats
  An endoplasm (D:1)
  2 giant cockroaches (D:1)
  3 goblins
  2 ball pythons (D:1)
  3 kobolds
  A rat (D:2)
17 creatures vanquished.

Notes
Turn   | Place    | Note
-------+----------+-------------------------------------------
     0 | D:1      | PublicAnimeNo1 the Draconian Venom Mage began the quest for
                  | the Orb.
     0 | D:1      | Reached XP level 1. HP: 14/14 MP: 3/3
   190 | D:1      | Found a faded altar of an unknown god.
   192 | D:1      | Noticed a great orb of eyes
   193 | D:1      | Noticed a shining eye
   193 | D:1      | Noticed an eye of devastation
   193 | D:1      | Noticed a great orb of eyes
   210 | D:1      | Reached skill level 1 in Fighting
   270 | D:1      | Prayed at the altar of an unknown god.
   270 | D:1      | Became a worshipper of Zin the Law-Giver
   270 | D:1      | Reached * piety under Zin
   346 | D:1      | Reached XP level 2. HP: 15/23 MP: 5/5
   351 | D:1      | Learned a level 2 spell: Poisonous Vapours
   468 | D:1      | Reached ** piety under Zin
  1284 | D:2      | Reached XP level 3. HP: 20/29 MP: 2/6
  1301 | D:2      | Slain by a gnoll

Illustrated notes

Levels and vault maps discovered:
D:1:      lightli_arrival_statuegarden, layout_loops_ring,
          hellmonk_ecumenical_altar_watching_god
D:2:      layout_loops_ring, minmay_pentomino_x2, uniq_crazy_yiuf_cottage

Skill      XL: |  1  2 |
---------------+-------+-----
Fighting       | 1 2 |  2.1
Dodging        | |  1.7
Stealth        | |  1.7
Spellcasting   | |  2.0
Transmutations | |  1.0
Poison Magic   | |  3.7

Action                   || total
-------------------------++-------
Melee: Unarmed           ||    14
       Dagger            ||    15
       Tailslap          ||     4
 Cast: Sting             ||    26
Invok: Vitalisation      ||     1
 Stab: Sleeping          ||     1
Armor: Skin              ||    13
Dodge: Dodged            ||    39

Table legend: (Time is in decaauts)
 A = Elapsed time spent in this place.
 B = Non-inter-level travel time spent in this place.
 C = Inter-level travel time spent in this place.
 D = Time resting spent in this place.
 E = Time spent auto-exploring this place.
 F = Levels seen in this place.
 G = Mean time per level.
                   A        B        C        D        E       F      G
               +--------+--------+--------+--------+--------+-----+--------+
         Total |   1300 |   1265 |     35 |    182 |    907 |   2 |  650.0 |
       Dungeon |   1300 |   1265 |     35 |    182 |    907 |   2 |  650.0 |
               +--------+--------+--------+--------+--------+-----+--------+

Top non-repeatable levels by time:
     D:1: 838 daAuts
     D:2: 461 daAuts
